 Dungeon Crawl Stone Soup version 0.22.0-49-gab54619 (webtiles) character file.

942 Lew the Basher (level 8, -7/46 HPs)
             Began as a Gargoyle Fighter on Sept 3, 2018.
             Was an Initiate of Okawaru.
             Mangled by an orc warrior
             ... wielding a cursed -2 glaive
              (17 damage)
             ... on level 6 of the Dungeon.
             The game lasted 00:07:27 (4412 turns).

Lew the Basher (Gargoyle Fighter)                   Turns: 4412, Time: 00:07:28

Health: -7/46      AC: 15    Str: 17 (19) XL:     8   Next: 12%
Magic:  8/8        EV:  5    Int:  7 (10) God:    Okawaru [......]
Gold:   141        SH: 13    Dex:  9 (11) Spells: 7/7 levels left

rFire    . . .     SeeInvis .   a - +1 flail
rCold    + . .     Gourm    .   q - +0 large shield
rNeg     + . .     Faith    .   b - +0 scale mail
rPois    ∞         Spirit   .   r - +2 helmet
rElec    +         Reflect  .   (no cloak)
rCorr    .         Harm     .   (no gloves)
MR       .....                  (no boots)
Stlth    ..........             (no amulet)
HPRegen  0.15/turn              k - ring of protection from cold
MPRegen  0.11/turn              (no ring)

@: no status effects
A: negative energy resistance 1, electricity resistance, unbreathing,
petrification resistance, rot immunity, AC +5
a: Renounce Religion


You were on level 6 of the Dungeon.
You worshipped Okawaru.
Okawaru was noncommittal.
You were hungry.

You visited 2 branches of the dungeon, and saw 7 of its levels.

You collected 141 gold pieces.

Inventory:

Hand Weapons
 a - a +1 flail (weapon)
Armour
 b - a +0 scale mail (worn)
 q - a +0 large shield (worn)
 r - a +2 helmet (worn)
Jewellery
 k - a ring of protection from cold (left hand)
 o - an uncursed ring of resist corrosion {unknown}
 s - an uncursed ring of protection from magic {unknown}
Wands
 d - a wand of enslavement (14)
 j - a wand of paralysis (19)
 p - a wand of scattershot (3)
Scrolls
 c - a scroll of teleportation {unknown}
 l - a scroll of magic mapping
 n - a scroll of remove curse
Potions
 e - a potion of haste
 h - a potion of agility
 i - a potion of heal wounds {unknown}
Comestibles
 f - a ration


   Skills:
 - Level 3.2 Fighting
 + Level 9.3 Maces & Flails
 - Level 3.2 Armour
 - Level 3.2 Shields


You had 7 spell levels left.
You didn't know any spells.
Your spell library was empty.

Dungeon Overview and Level Annotations

Branches:
Dungeon (6/15)             Temple (1/1) D:6

Altars:
Ashenzari
Cheibriados
Dithmenos
Elyvilon
Fedhas
Gozag
Hepliaklqana
Kikubaaqudgha
Makhleb
Nemelex Xobeh
Okawaru
Qazlal
Ru
Sif Muna
Trog
Uskayaw
Vehumet
Xom
Yredelemnul
The Shining One

Shops:
D:5 (


Innate Abilities, Weirdness & Mutations

You are resistant to torment.
Your stone body is resilient. (AC +5)
You are immune to poison.
You resist negative energy. (rN+)
You are resistant to electric shocks. (rElec)
You can survive without breathing.
You are immune to petrification.
You are immune to rotting.


Message History

You are too injured to fight recklessly!
Unknown command.
You feel better.
The orc priest begins to cast a cantrip, but forgets the words!
You closely miss the orc warrior.
The orc warrior hits you with an enchanted glaive.
Your shield prevents you from hitting the orc warrior.
You block the orc warrior's attack.
You barely miss the orc warrior.
The orc warrior hits you with an enchanted glaive!
* * * LOW HITPOINT WARNING * * *
You sock the orc warrior!
The orc warrior is moderately wounded.
You block the orc warrior's attack.
You hit the orc warrior but do no damage.
The orc warrior is moderately wounded.
The orc priest calls upon Beogh to heal the orc warrior.
The orc warrior is healed somewhat.
The orc warrior hits you with an enchanted glaive!
You die...

##################
.................#
################@#
#o# *###########o#
## *.........o..#
.# *............#
********** .#
*.......$....#
*,,,,,,,,, .#
*............#
*,*******,
#####............#
*,* *,
....+............#
*,* *,


You could see an orc warrior and an orc priest.

Vanquished Creatures
  Duvessa (D:5)
  A sky beast (D:5)
  3 ogres (D:5)
  A centaur (D:5)
  Dowan (D:5)
  A water moccasin zombie (D:5)
  A scorpion (D:4)
  A howler monkey (D:4)
  A crimson imp (D:5)
  A hound (D:4)
  An orc priest (D:6)
  A bullfrog skeleton (D:5)
  Ijyb (D:5)
  2 adders
  A worm (D:4)
  3 dart slugs
  A leopard gecko (D:1)
  5 orcs
  2 giant cockroaches
  6 hobgoblins
  9 jackals
  4 kobolds
  3 quokkas
  2 ball pythons
  4 bats
  2 frilled lizards (D:5)
  6 rats (D:1)
65 creatures vanquished.

Notes
Turn   | Place    | Note
-------+----------+-------------------------------------------
     0 | D:1      | Lew the Gargoyle Fighter began the quest for the Orb.
     0 | D:1      | Reached XP level 1. HP: 14/14 MP: 1/1
    53 | D:1      | Reached XP level 2. HP: 10/19 MP: 2/2
   331 | D:1      | Reached skill level 3 in Maces & Flails
   767 | D:1      | Reached XP level 3. HP: 23/23 MP: 3/3
  1346 | D:3      | Reached skill level 4 in Maces & Flails
  1404 | D:4      | Found a hazy altar of Hepliaklqana.
  1404 | D:4      | Found an opulent altar of Gozag.
  1434 | D:4      | Found a burning altar of Makhleb.
  1453 | D:4      | Reached XP level 4. HP: 19/28 MP: 4/4
  1611 | D:4      | Reached skill level 5 in Maces & Flails
  1611 | D:4      | Reached XP level 5. HP: 29/32 MP: 5/5
  2196 | D:5      | Entered Level 5 of the Dungeon
  2196 | D:5      | Noticed a sky beast
  2196 | D:5      | Noticed an ogre
  2278 | D:5      | Noticed Dowan
  2278 | D:5      | Noticed Duvessa
  2295 | D:5      | Killed Duvessa
  2295 | D:5      | Reached skill level 6 in Maces & Flails
  2295 | D:5      | Reached XP level 6. HP: 24/37 MP: 6/6
  2312 | D:5      | Killed Dowan
  2494 | D:5      | Killed a sky beast
  2494 | D:5      | Reached skill level 7 in Maces & Flails
  2613 | D:5      | Noticed Ijyb
  2622 | D:5      | Reached XP level 7. HP: 40/41 MP: 7/7
  2625 | D:5      | Killed Ijyb
  2733 | D:5      | Found a basalt altar of Yredelemnul.
  2781 | D:5      | Reached skill level 8 in Maces & Flails
  3034 | D:5      | HP: 2/41 [ogre/giant club (15)]
  3353 | D:5      | Reached skill level 9 in Maces & Flails
  3353 | D:5      | Reached XP level 8. HP: 14/46 MP: 8/8
  3929 | D:5      | Found Voribeok's Weapon Shoppe.
  4170 | D:6      | Found a staircase to the Ecumenical Temple.
  4179 | Temple   | Entered the Ecumenical Temple
  4275 | Temple   | Became a worshipper of Warmaster Okawaru
  4412 | D:6      | Mangled by an orc warrior

Skill      XL: |  1  2  3  4  5  6  7 |
---------------+----------------------+-----
Maces & Flails | 3 4 5 6 7 9 |  9.3
Fighting       | |  3.2
Armour         | |  3.2
Shields        | |  3.2

Action                   |  1- 3 |  4- 6 |  7- 9 || total
-------------------------+-------+-------+-------++-------
Melee: Flail             |   164 |    80 |    99 ||   343
  Use: Potion            |     1 |     6 |     5 ||    12
       Scroll            |       |     4 |     2 ||     6
  Eat: Chunk             |     2 |     2 |       ||     4
       Ration            |       |     1 |     1 ||     2
Armor: Scale mail        |   128 |    42 |    32 ||   202
Dodge: Dodged            |    90 |    11 |    17 ||   118
Block: Shield            |   105 |     7 |       ||   112
       Large shield      |       |    37 |    76 ||   113
